 Dungeon Crawl Stone Soup version 0.29.1-2-gbd0b4ee654 (webtiles) character file.

Game seed: 10643152803135944429

25 fantasyman the Trooper (level 2, -7/26 HPs)
             Began as a Demigod Fighter on Nov 28, 2022.
             Mangled by an iguana (8 damage)
             ... on level 2 of the Dungeon.
             The game lasted 00:01:35 (1250 turns).

fantasyman the Trooper (Demigod Fighter)            Turns: 1250, Time: 00:01:35

Health: -7/26      AC: 13    Str: 17    XL:     2   Next: 66%
Magic:  4/4        EV:  6    Int: 10    God:
Gold:   73         SH:  4    Dex: 13    Spells: 1/1 levels left

rFire   . . .      SeeInvis .   a - +0 war axe
rCold   . . .      Faith    .   c - +0 buckler
rNeg    . . .      Spirit   .   k - +0 chain mail
rPois   .          Reflect  .   (no helmet)
rElec   .          Harm     .   (no cloak)
rCorr   +          Rampage  .   (no gloves)
Will    .....                   (no boots)
Stlth   ..........              (no amulet)
HPRegen 0.08/turn               i - +4 ring of protection
MPRegen 0.09/turn               j - ring of resist corrosion

@: no status effects
A: high MP 1, forlorn, divine attributes
a: no special abilities


You were on level 2 of the Dungeon.
You visited 1 branch of the dungeon, and saw 2 of its levels.

You collected 73 gold pieces.

Inventory:

Hand Weapons
 a - a +0 war axe (weapon)
Armour
 b - a +0 scale mail
 c - a +0 buckler (worn)
 k - a +0 chain mail (worn)
Jewellery
 i - a +4 ring of protection (left hand)
 j - a ring of resist corrosion (right hand)
Scrolls
 f - a scroll of enchant weapon {unknown}
Potions
 d - a potion of might
 e - 2 potions of curing


   Skills:
 * Level 3.0 Fighting
 * Level 2.4 Axes
 + Level 2.8 Armour
 + Level 2.8 Shields


You had one spell level left.
You didn't know any spells.
Your spell library was empty.

Dungeon Overview and Level Annotations

Branches:
Dungeon (2/15)


Innate Abilities, Weirdness & Mutations

You have an increased reservoir of magic. (+10% MP)
You shall have no god before yourself.
Your divine heritage dramatically boosts your attributes as you level up.


Message History

You block the iguana's attack.
The iguana bites you but does no damage.
An iguana is nearby!
An iguana is nearby!
You hit the iguana.
The iguana is moderately wounded.
The iguana bites you but does no damage.
You barely miss the iguana.
The iguana is moderately wounded.
The iguana bites you.
You barely miss the iguana.
The iguana is moderately wounded.
The iguana barely misses you.
The iguana bites you but does no damage.
You barely miss the iguana.
The iguana is moderately wounded.
The iguana barely misses you.
You hit the iguana.
The iguana is heavily wounded.
You block the iguana's attack. The iguana bites you.
You completely miss the iguana.
The iguana is heavily wounded.
The iguana bites you!
You are too injured to fight recklessly!
You are too injured to fight recklessly!
You are too injured to fight recklessly!
You slash the iguana!
The iguana is almost dead.
The iguana completely misses you.
You barely miss the iguana.
The iguana is almost dead.
The iguana bites you but does no damage. x2
You closely miss the iguana.
The iguana is almost dead.
The iguana bites you!
* * * LOW HITPOINT WARNING * * *
You closely miss the iguana.
The iguana is almost dead.
You block the iguana's attack. The iguana bites you!
You die...

##########........###
#......#..........#
#...?#.#.#......#.#
#....#.#.#......#.#
#....#.#.#........# #.
#....#.#........#####
#...#...#.#......#.#....
#.........######.#....
#####@#>.#.......#<...
#l#..#.###########
#.#..#.# #.#..#.#
#.#.##.# #.#....#
#.###### #..


You could see an iguana.

Vanquished Creatures
  2 bats (D:1)
  2 endoplasms (D:1)
  4 giant cockroaches
  2 goblins (D:1)
  3 hobgoblins (D:1)
  3 jackals (D:1)
  A ball python (D:1)
  2 kobolds (D:1)
  2 rats (D:1)
21 creatures vanquished.

Notes
Turn   | Place    | Note
-------+----------+-------------------------------------------
     0 | D:1      | fantasyman the Demigod Fighter began the quest for the Orb.
     0 | D:1      | Reached XP level 1. HP: 18/18 MP: 3/3
   633 | D:1      | Reached XP level 2. HP: 24/25 MP: 4/4
   644 | D:1      | Reached skill level 3 in Fighting
  1249 | D:2      | HP: 1/26 [iguana (7)]
  1250 | D:2      | Mangled by an iguana

Illustrated notes

Levels and vault maps discovered:
D:1:      onia_arrival_pyramid, layout_loops_corners
D:2:      layout_basic, ebering_ecumenical_altar_box,
          chequers_serial_rivers_room_b, uniq_robin

Skill      XL: |  1  2 |
---------------+-------+-----
Axes           | 2 |  2.4
Fighting       | 3 |  3.0
Armour         | |  2.8
Shields        | |  2.8

Action                   || total
-------------------------++-------
Melee: War axe           ||    77
  Use: Scroll            ||     3
Armor: Scale mail        ||    16
       Chain mail        ||    31
Dodge: Dodged            ||    42
Block: Buckler           ||    22
